 Dungeon Crawl Stone Soup version 0.29.1-1-gd02db6906a (webtiles) character file.

Game seed: 4918208158493670343

546 groovy9 the Skirmisher (level 7, 0/50 HPs)
             Began as a Formicid Hunter on Sept 18, 2022.
             Slain by a quasit (1 damage)
             ... on level 4 of the Dungeon.
             The game lasted 00:11:20 (3946 turns).

groovy9 the Skirmisher (Formicid Hunter)            Turns: 3946, Time: 00:11:21

Health: 0/50       AC:  3    Str: 24 (25) XL:     7   Next: 53%
Magic:  16/16      EV:  2    Int:  7 (8)  God:
Gold:   199        SH:  0    Dex: -4 (18) Spells: 6/6 levels left

rFire   . . .      SeeInvis +   a - +1 shortbow
rCold   + . .      Faith    .   (no shield)
rNeg    . . .      Spirit   .   c - +0 leather armour
rPois   .          Reflect  .   (helmet unavailable)
rElec   .          Harm     .   (no cloak)
rCorr   .          Rampage  .   (no gloves)
Will    .....                   (no boots)
Stlth   ..........              (no amulet)
HPRegen 0.16/turn               b - +6 ring of strength
MPRegen 0.15/turn               q - ring of magical power

@: slowed, lost dexterity, very slow
A: permanent stasis, dig shafts and tunnels, antennae 3, four strong arms, cold
resistance 1, strong 1
a: Dig, Shaft Self


You were on level 4 of the Dungeon.
You visited 1 branch of the dungeon, and saw 4 of its levels.

You collected 199 gold pieces.

Inventory:

Hand Weapons
 a - a +1 shortbow (weapon)
Missiles
 i - 6 poisoned darts
Armour
 c - a +0 leather armour (worn)
 u - a +1 cloak
 v - the +1 robe of Puesay Ytsei {Rampage rCorr}
   (You found it on level 4 of the Dungeon)

   rCorr:     It protects you from acid and corrosion.
   Rampage:   It bestows one free step when moving towards enemies.
Jewellery
 b - a +6 ring of strength (left hand)
 q - a ring of magical power (right hand)
Wands
 o - a wand of digging (6)
Scrolls
 e - 2 scrolls of enchant weapon
 g - 2 scrolls of magic mapping
 r - a scroll of amnesia
Potions
 d - a potion of ambrosia
 f - a potion of magic
 h - a potion of mutation
 j - a potion of cancellation
 k - 2 potions of degeneration
 m - a potion of heal wounds {unknown}
 n - a potion of invisibility {unknown}
 p - a potion of might {unknown}
 t - a potion of flight {unknown}


   Skills:
 - Level 2.1 Fighting
 + Level 8.6 Ranged Weapons
 - Level 1.7 Dodging
 - Level 1.2 Stealth


You had 6 spell levels left.
You didn't know any spells.
Your spell library contained the following spells:

 Spells                   Type           Power      Damage    Failure   Level
 Confusing Touch          Hex            0%         N/A       85%         3
 Gell's Gravitas          Tloc           0%         N/A       85%         3
 Teleport Other           Tloc           0%         N/A       85%         3
 Summon Ice Beast         Ice/Summ       0%         N/A       99%         4
 Silence                  Hex/Air        0%         N/A       100%        5
 Dispersal                Tloc           0%         N/A       100%        6
 Discord                  Hex            0%         N/A       100%        8


Dungeon Overview and Level Annotations

Branches:
Dungeon (4/15)
 Temple: D:4-7

Altars:
Wu Jian


Innate Abilities, Weirdness & Mutations

You cannot be hasted, slowed, berserked, paralysed or teleported.
You can dig through walls and to a lower floor.
You have a pair of large antennae on your head. (SInv)
Your four strong arms can wield two-handed weapons with a shield.
Your flesh is cold resistant. (rC+)
Your muscles are strong. (Str +4, Int/Dex -1)


Message History

Press: ? - help, Q - select action, (/) - cycle Shift-Dir - straight line, f/p - quasit
Aim: a quasit (severely wounded, 27% to hit)
You shoot an arrow. The arrow barely misses the quasit.
The quasit bites you.
* * * LOW HITPOINT WARNING * * *
The quasit claws you.
* * * LOW HITPOINT WARNING * * *
The quasit claws you but does no damage.
The quasit bites you.
* * * LOW HITPOINT WARNING * * *
You feel clumsy.
The quasit claws you but does no damage.
The quasit claws you.
* * * LOW HITPOINT WARNING * * *
You feel clumsy.
The quasit bites you but does no damage.
The quasit claws you.
* * * LOW HITPOINT WARNING * * *
The quasit claws you but does no damage.
Fire: a) +1 shortbow
Press: ? - help, Q - select action, (/) - cycle Shift-Dir - straight line, f/p - quasit
Aim: a quasit (severely wounded, 27% to hit)
You shoot an arrow. The arrow closely misses the quasit.
The quasit bites you.
* * * LOW HITPOINT WARNING * * *
The quasit claws you but does no damage. x2
The quasit bites you.
* * * LOW HITPOINT WARNING * * *
The quasit barely misses you.
The quasit claws you but does no damage.
Fire: a) +1 shortbow
Press: ? - help, Q - select action, (/) - cycle Shift-Dir - straight line, f/p - quasit
Aim: a quasit (severely wounded, 27% to hit)
You shoot an arrow. The arrow misses the quasit.
The quasit barely misses you.
The quasit claws you but does no damage. x2
The quasit bites you.
* * * LOW HITPOINT WARNING * * *
The quasit claws you.
You die...

... .# #.# ... ..# #.#
#.###.## #.# # .).....# #.#
#..#####....###. #.#
#............... #.#
(........# #...########.#
##.#####5# #..........#.# #
#.#####@# #..........#.#
#.##.......# #..........#.#
...........# #..........#.#
.......∩...###..........#.#
.(...............##..∩..#.#
.................##.......#
....#####........##........
.... #........########..
... #........# ##.


You could see a quasit.

Vanquished Creatures
  Sigmund (D:3)
  A centaur (D:3)
  A phantom (D:4)
  A quasit (D:4)
  Crazy Yiuf (D:3)
  Robin (D:3)
  2 adders
  2 white imps (D:4)
  3 ufetubi (D:4)
  A worm (D:2)
  6 dart slugs
  6 orcs
  7 ball pythons
  3 bats
  3 endoplasms
  3 giant cockroaches
  11 goblins
  10 hobgoblins
  4 jackals (D:2)
  10 kobolds
  5 quokkas
  4 frilled lizards
  4 rats
90 creatures vanquished.

Vanquished Creatures (others)
  3 demonic plants (D:4)
3 creatures vanquished.

Grand Total: 93 creatures vanquished

Notes
Turn   | Place    | Note
-------+----------+-------------------------------------------
     0 | D:1      | groovy9 the Formicid Hunter began the quest for the Orb.
     0 | D:1      | Reached XP level 1. HP: 16/16 MP: 1/1
    59 | D:1      | Reached XP level 2. HP: 22/22 MP: 2/2
   407 | D:1      | Reached XP level 3. HP: 27/27 MP: 3/3
   520 | D:1      | Reached skill level 5 in Ranged Weapons
   545 | D:1      | Got Sif Muna's Tome of Chilled Guile
   954 | D:2      | Reached XP level 4. HP: 33/33 MP: 4/4
  1148 | D:2      | Found a faded altar of an unknown god.
  1206 | D:2      | Found an ornate altar of the Wu Jian Council.
  1666 | D:3      | Found a runed translucent door.
  1667 | D:3      | Noticed Crazy Yiuf
  1820 | D:3      | Noticed a centaur
  1822 | D:3      | Killed a centaur
  1823 | D:3      | Reached skill level 6 in Ranged Weapons
  1823 | D:3      | Reached XP level 5. HP: 29/38 MP: 5/5
  2110 | D:3      | Noticed Robin
  2125 | D:3      | Noticed Sigmund
  2150 | D:3      | Killed Sigmund
  2151 | D:3      | Reached skill level 7 in Ranged Weapons
  2151 | D:3      | Reached XP level 6. HP: 30/44 MP: 6/6
  2670 | D:3      | Killed Robin
  2679 | D:3      | Reached XP level 7. HP: 38/50 MP: 7/7
  2934 | D:3      | Killed Crazy Yiuf
  2935 | D:3      | Reached skill level 8 in Ranged Weapons
  3336 | D:4      | Identified the +1 robe of Puesay Ytsei {Rampage rCorr}
  3458 | D:4      | Gained mutation: Your muscles are strong. (Str +4, Int/Dex
                  | -1) [potion of mutation]
  3458 | D:4      | Gained mutation: Your flesh is cold resistant. (rC+)
                  | [potion of mutation]
  3938 | D:4      | Lost dexterity.
  3946 | D:4      | HP: 1/50 [quasit (2)]
  3946 | D:4      | Slain by a quasit

Illustrated notes

Levels and vault maps discovered:
D:1:      nicolae_arrival_washed_ashore, layout_basic, chequers_mini_garden,
          dk_noncrumbling_3
D:2:      layout_basic, basic_altar, hellmonk_ecumenical_altar_crossroads,
          nrook_mini_vaults, st_stairs_12
D:3:      layout_loops_corners, uniq_robin, uniq_crazy_yiuf_cottage,
          uniq_sigmund
D:4:      layout_basic, grunt_temple_overflow_open, serial_demonic,
          serial_demonic_e, serial_demonic_c, serial_demonic_d,
          serial_demonic_a, serial_demonic_d, serial_demonic_d,
          serial_demonic_e, serial_demonic_d

Skill      XL: |  1  2  3  4  5  6  7 |
---------------+----------------------+-----
Ranged Weapons | 5 6 7 8 |  8.6
Fighting       | |  2.1
Dodging        | |  1.7
Stealth        | |  1.2

Action                   |  1- 3 |  4- 6 |  7- 9 || total
-------------------------+-------+-------+-------++-------
 Fire: Shortbow          |    97 |    82 |   103 ||   282
 Abil: Dig               |     2 |       |       ||     2
  Use: Scroll            |     3 |     6 |     3 ||    12
       Potion            |       |     1 |     5 ||     6
Armor: Leather armour    |     9 |    11 |    76 ||    96
Dodge: Dodged            |    26 |    12 |    89 ||   127
